 Dungeon Crawl Stone Soup version 0.29.1-12-g30fa7ad0bf (webtiles) character file.

Game seed: 3826737422413355326

119 FaviusArthum the Grave Robber (level 4, 0/24 HPs)
             Began as a Deep Elf Necromancer on Jan 2, 2023.
             Slain by an orc wizard
             ... wielding a +0 dagger
              (1 damage)
             ... on level 3 of the Dungeon.
             The game lasted 00:13:24 (2498 turns).

FaviusArthum the Grave Robber (DENe)                Turns: 2498, Time: 00:13:24

Health: 0/24       AC:  2    Str: 11    XL:     4   Next: 74%
Magic:  12/12      EV: 12    Int: 22    God:
Gold:   91         SH:  0    Dex: 15    Spells: 5/12 levels left

rFire   . . .      SeeInvis .   k - +0 mace
rCold   . . .      Faith    .   (no shield)
rNeg    . . .      Spirit   .   a - +0 robe
rPois   .          Reflect  .   (no helmet)
rElec   .          Harm     .   (no cloak)
rCorr   .          Rampage  .   (no gloves)
Will    .....                   (no boots)
Stlth   ++........              (no amulet)
HPRegen 0.08/turn               c - +6 ring of strength
MPRegen 0.13/turn               (no ring)

@: no status effects
A: no striking features
a: no special abilities


You were on level 3 of the Dungeon.
You visited 1 branch of the dungeon, and saw 3 of its levels.

You collected 91 gold pieces.

Inventory:

Hand Weapons
 d - a +0 dagger
 g - a +0 club
 k - a +0 mace (weapon)
 y - a +0 whip
Missiles
 s - 10 poisoned darts
Armour
 a - a +0 robe (worn)
 j - a scarf of repulsion
Magical Staves
 h - a staff of conjuration
Jewellery
 c - a +6 ring of strength (left hand)
 z - an amulet of the acrobat
Scrolls
 e - a scroll of immolation {unknown}
 f - 2 scrolls of silence {unknown}
 i - 2 scrolls of teleportation {unknown}
 n - a scroll of butterflies {unknown}
 o - a scroll of torment {unknown}
 p - a scroll of noise {unknown}
 q - a scroll of enchant weapon {unknown}
 t - 4 scrolls of identify {unknown}
 v - a scroll of poison {unknown}
Potions
 b - a potion of magic
 l - 2 potions of curing {unknown}
 m - a potion of heal wounds {unknown}
 r - a potion of ambrosia {unknown}
 u - a potion of attraction {unknown}
 w - 2 potions of flight {unknown}
 x - a potion of might {unknown}
 A - a potion of brilliance {unknown}


   Skills:
 + Level 0.1 Throwing
 + Level 2.5 Dodging
 + Level 2.7 Stealth
 + Level 4.6 Spellcasting
 + Level 0.9 Conjurations
 + Level 6.3 Necromancy


You had 5 spell levels left.
You knew the following spells:

 Your Spells              Type           Power      Damage    Failure   Level
a - Necrotise             Necr           100%       1d9       1%          1
b - Vampiric Draining     Necr           32%        2d8       2%          3
c - Magic Dart            Conj           36%        1d4       8%          1
d - Call Imp              Summ           5%         N/A       16%         2

Your spell library contained the following spells:

 Spells                   Type           Power      Damage    Failure   Level
 Animate Dead             Necr           32%        N/A       8%          4
 Agony                    Necr           32%        N/A       22%         5
 Mephitic Cloud           Conj/Pois/Air  6%         N/A       28%         3


Dungeon Overview and Level Annotations

Branches:
Dungeon (3/15)

Altars:
The Shining One


Message History

Press: ? - help, Shift-Dir - straight line, f - orc wizard
Aim: an orc wizard, wielding a +0 dagger and wearing a +0 leather armour (chance to affect: 83%)
The orc wizard barely resists.
Casting: Necrotise (safe; 1% risk of failure)
Confirm with . or Enter, or press ? or * to list all spells.
Aiming: Necrotise (safe; 1% risk of failure)
Press: ? - help, Shift-Dir - straight line, f/p - orc wizard
Aim: an orc wizard, wielding a +0 dagger and wearing a +0 leather armour (chance to affect: 83%)
The orc wizard writhes in agony.
The orc wizard hits you with a +0 dagger.
You hit the orc wizard.
The orc wizard is moderately wounded.
The orc wizard hits you with a +0 dagger.
An orc comes into view. It is wielding a +0 war axe.
The orc wizard hits you with a +0 dagger.
An orc comes into view. It is wielding a +0 club.
You miss the orc wizard.
The orc wizard is moderately wounded.
The orc wizard hits you but does no damage.
You closely miss the orc wizard.
The orc wizard is moderately wounded.
The orc wizard barely misses you.
The orc shouts!
The orc wizard gestures wildly while chanting.
The orc wizard flickers and vanishes!
Deactivating autopickup; reactivate with Ctrl-A.
There is a strange disturbance nearby!
A magic dart appears from out of thin air!
The magic dart hits you!
* * * LOW HITPOINT WARNING * * *
An orc comes into view. It is wielding a +0 club.
There are monsters nearby!
Unknown command.
There are monsters nearby!
There are monsters nearby!
Found a scroll labelled TOTTOCWEDUA.
Something hits you.
* * * LOW HITPOINT WARNING * * *
There is a stone staircase leading up here.
Something hits you.
You die...

#.##............# .#
.#. #.##.#.#.########
.. . #####......#.#
## #....<...###.#
#...######## #.######
. #......#
##.####.### .
#..†......# ..
#.@.......####...
.##.o......o.......
....................
?..###...............
... ##.......##.#...
.. #.......# # #
#.....### ###.### #.#


You could see 2 orcs.

Vanquished Creatures
  A scorpion (D:3)
  An adder (D:2)
  A worm (D:2)
  A dart slug (D:1)
  5 ball pythons
  3 endoplasms
  A giant cockroach (D:1)
  4 goblins
  6 hobgoblins
  3 quokkas
  3 bats (D:1)
  2 frilled lizards
  3 kobolds
  4 rats
38 creatures vanquished.

Vanquished Creatures (collateral kills)
  3 endoplasms
  A frilled lizard (D:1)
4 creatures vanquished.

Grand Total: 42 creatures vanquished

Notes
Turn   | Place    | Note
-------+----------+-------------------------------------------
     0 | D:1      | FaviusArthum the Deep Elf Necromancer began the quest for
                  | the Orb.
     0 | D:1      | Reached XP level 1. HP: 10/10 MP: 6/6
    77 | D:1      | Reached skill level 5 in Necromancy
   129 | D:1      | Found a faded altar of an unknown god.
   140 | D:1      | Reached XP level 2. HP: 15/15 MP: 2/8
  1003 | D:2      | Reached XP level 3. HP: 13/19 MP: 3/10
  1183 | D:2      | Found a glowing golden altar of the Shining One.
  1226 | D:2      | Learned a level 3 spell: Vampiric Draining
  1228 | D:2      | Learned a level 1 spell: Magic Dart
  1231 | D:2      | Learned a level 2 spell: Call Imp
  2227 | D:3      | Noticed a scorpion
  2277 | D:3      | Reached skill level 6 in Necromancy
  2350 | D:3      | Killed a scorpion
  2351 | D:3      | Reached XP level 4. HP: 22/24 MP: 5/12
  2496 | D:3      | HP: 1/24 [something (2)]
  2498 | D:3      | Slain by an orc wizard

Illustrated notes

Levels and vault maps discovered:
D:1:      minmay_arrival_floating_metal, layout_basic,
          ebering_ecumenical_altar_sacrificial, nicolae_kite_square_tiling_tiny,
          chequers_big_river, grunt_decor_arrowhead,
          chequers_serial_rivers_room_b
D:2:      layout_rooms, basic_altar, hangedman_abyss_or_decor_lesser_grid
D:3:      layout_loops_cross

Skill      XL: |  1  2  3 |
---------------+----------+-----
Necromancy     | 5 6 |  6.3
Spellcasting   | 4 |  4.6
Throwing       | |  0.1
Dodging        | |  2.5
Stealth        | |  2.7
Conjurations   | |  0.9

Action                   |  1- 3 |  4- 6 || total
-------------------------+-------+-------++-------
Melee: Mace              |    11 |     5 ||    16
Throw: Dart              |     1 |       ||     1
 Cast: Necrotise         |    49 |     4 ||    53
       Magic Dart        |     7 |       ||     7
       Vampiric Draining |     1 |       ||     1
 Stab: Sleeping          |     1 |       ||     1
Armor: Robe              |     7 |     1 ||     8
Dodge: Dodged            |    11 |     3 ||    14
